 Dungeon Crawl Stone Soup version 0.18-a0-241-g014938f (webtiles) character file.

13377 Arkorax the Blocker (level 11, -1/109 HPs)
             Began as a Troll Summoner on Nov 25, 2015.
             Was a High Priest of Cheibriados.
             Slain by a five-headed hydra (16 damage)
             ... on level 2 of the Lair of Beasts.
             The game lasted 00:20:27 (9175 turns).

Arkorax the Blocker (Troll Summoner)                Turns: 9175, Time: 00:20:27

Health: -1/109     AC:  8    Str: 30    XL:     11   Next: 74%
Magic:  11/11      EV: 10    Int: 26    God:    Cheibriados [*****.]
Gold:   567        SH: 13    Dex: 22    Spells: 2 memorised, 4 levels left

rFire  . . .     SeeInvis .     P - +2 scimitar (flame)
rCold  . . .     Clarity  .     N - +2 robe {MR+}
rNeg   . . .     SustAt   .     n - +0 shield
rPois  .         Gourm    +     (helmet restricted)
rElec  .         Spirit   .     m - +0 cloak
rCorr  .         Warding  .     (gloves unavailable)
rMut   .         Stasis   .     (boots unavailable)
MR     +....                    (no amulet)
Stlth  ++........               s - ring of wizardry
                                L - ring of wizardry

@: very slow, somewhat resistant to hostile enchantments, unstealthy
A: unfitting armour, claws 3, fast metabolism 3, gourmand, regeneration 2,
shaggy fur 1, tough skin 2
a: Bend Time, Temporal Distortion, Slouch, Step From Time, Renounce Religion


You were on level 2 of the Lair of Beasts.
You worshipped Cheibriados.
Cheibriados was extremely pleased with you.
You were not hungry.

You visited 3 branches of the dungeon, and saw 12 of its levels.

You collected 567 gold pieces.

Inventory:

Hand Weapons
 J - a +0 blowgun
 P - a +2 scimitar of flaming (weapon)
Missiles
 K - 4 curare-tipped needles
Armour
 m - a +0 cloak (worn)
 n - a +0 shield (worn)
 N - a +2 robe of magic resistance (worn)
Jewellery
 q - an uncursed ring of flight
 s - a ring of wizardry (right claw)
 F - a cursed ring of protection from fire {unknown}
 L - a ring of wizardry (left claw)
Wands
 h - a wand of fire (4)
 j - a wand of magic darts (18)
 A - a wand of fire (9)
 E - a wand of confusion (10)
 H - a wand of heal wounds (0)
 R - a wand of cold (0)
Scrolls
 e - 2 scrolls of identify
 f - 2 scrolls of immolation
 g - 4 scrolls of enchant weapon
 i - a scroll of blinking
 r - 4 scrolls of amnesia
 v - a scroll of recharging
 w - 2 scrolls of fear
 y - 5 scrolls of teleportation
 D - 2 scrolls of remove curse
Potions
 a - a potion of mutation {unknown}
 d - 3 potions of brilliance
 o - a potion of heal wounds
 p - 3 potions of curing {unknown}
 t - 4 potions of might
 B - 2 potions of poison {unknown}
 V - a potion of magic {unknown}
Books
 b - a book of Callings

   Spells                             Type                      Level
   a - Summon Small Mammal            Summoning                    1
   b - Call Imp                       Summoning                    2
   c - Call Canine Familiar           Summoning                    3
   d - Summon Guardian Golem          Hexes/Summoning              3
   e - Summon Lightning Spire         Summoning/Air                4
   f - Summon Ice Beast               Ice/Summoning                4
 C - a book of the Dragon

   Spells                             Type                      Level
   a - Flame Tongue                   Conjuration/Fire             1
   b - Cause Fear                     Hexes                        4
   c - Bolt of Fire                   Conjuration/Fire             6
   d - Dragon Form                    Transmutation                7
   e - Dragon's Call                  Summoning                    9
 M - a book of Clouds

   Spells                             Type                      Level
   a - Mephitic Cloud                 Conjuration/Poison/Air       3
   b - Conjure Flame                  Conjuration/Fire             3
   c - Poisonous Cloud                Conjuration/Poison/Air       6
   d - Freezing Cloud                 Conjuration/Ice/Air          6
   e - Ring of Flames                 Charms/Fire                  7
Miscellaneous
 z - a phantom mirror
 Q - a sack of spiders {used: 6}
Comestibles
 c - 7 bread rations
 k - 2 slices of pizza
 l - 4 fruits
 u - 2 meat rations
 x - 2 royal jellies
 U - a beef jerky


   Skills:
 - Level 7.3 Fighting
 - Level 1.5 Dodging
 - Level 1.1 Stealth
 - Level 9.1 Shields
 - Level 8.8 Unarmed Combat
 - Level 1.2 Spellcasting
 - Level 2.9 Summonings
 + Level 7.3 Transmutations


You had 4 spell levels left.
You knew the following spells:

 Your Spells              Type           Power        Failure   Level  Hunger
a - Summon Small Mammal   Summ           ###.         1%          1    #......
b - Dragon Form           Trmt           #####.....   94%         7    #######


Dungeon Overview and Level Annotations

Branches:
Dungeon (9/15)             Temple (1/1) D:4            Lair (2/8) D:9
    Orc: D:9-12

Altars:
Cheibriados
Gozag
Makhleb
Nemelex Xobeh
Okawaru
Qazlal
Ru
Vehumet
Zin
The Shining One

Annotations:
Lair:1 exclusion: 2 oklob plants


Innate Abilities, Weirdness & Mutations

You are too large for most types of armour.
You have claws for hands.
Your metabolism is lightning-fast.
You like to eat raw meat.
You heal very quickly.
You are covered in fur (AC +1).
You have very tough skin (AC +2).


Message History

The six-headed hydra bites you. The six-headed hydra bites you!
* * * LOW HITPOINT WARNING * * *
You are too injured to fight recklessly!
Unknown command.
You are too injured to fight recklessly!
Unknown command.
You are too injured to fight recklessly!
You are too injured to fight recklessly!
Unknown command.
You lop one of the six-headed hydra's heads off!
The flame cauterises the wound!
You slash the five-headed hydra! You burn the five-headed hydra.
The five-headed hydra is almost dead.
The five-headed hydra bites you.
* * * LOW HITPOINT WARNING * * *
The five-headed hydra bites you!
* * * LOW HITPOINT WARNING * * *
You block the five-headed hydra's attack.
The five-headed hydra bites you!
You die...

#..# #......#..# ##..#
#.........# ....
#.........##
###..###........#.P
#.#... #P.....###..#
#...####......##..#
#.............##.##
...#.##...........###.#.
......P@##.P....%..##...
......D.####†...<.###...
....##..# #......# #.##
... ##.# #......###.# ..
##.# #......##..# P.#
#......###.##
##.####......P#...#
#..##.........##..# ..
##..##.......P##.##


You could see a five-headed hydra.

Vanquished Creatures
  2 hydras
  Erolcha (D:8)
  Erica (D:8)
  Pikel (D:8)
  Maurice (D:8)
  The ghost of Banto the Ruffian, a novice VSMo of Zin (D:5)
  2 spiny frogs (Lair:1)
  A black mamba (Lair:2)
  A centaur skeleton (D:9)
  A komodo dragon (Lair:1)
  Grinder (D:4)
  Sigmund (D:2)
  8 yaks
  2 wyverns
  A deep elf mage (D:9)
  A basilisk (Lair:2)
  A hippogriff (Lair:2)
  3 water moccasins
  A deep elf fighter (D:9)
  4 porcupines
  5 orc warriors
  9 ice beasts
  3 black bears
  A sky beast (D:9)
  A slave (D:8)
  A necrophage (D:9)
  2 ogres (D:4)
  4 phantoms
  6 crocodiles
  2 big kobolds
  5 centaurs
  6 giant frogs
  2 scorpions (D:5)
  A water moccasin skeleton (D:6)
  2 giant frog zombies
  A crimson imp (D:8)
  4 hounds
  2 jellies
  A quasit (D:9)
  Crazy Yiuf (D:5)
  4 giant frog skeletons
  6 orc wizards
  2 centaur zombies
  2 orc priests
  4 iguanas
  Natasha (twice) (D:2)
  5 worker ants
  3 hound skeletons
  Robin (D:2)
  7 river rats
  9 adders
  4 gnolls
  A shadow imp (D:9)
  An ooze (D:3)
  An adder zombie (D:8)
  A worm (D:2)
  7 giant geckos
  26 orcs
  2 ball pythons
  9 bats
  6 giant cockroaches
  19 goblins
  10 hobgoblins
  21 kobolds
  A quokka (D:2)
  7 giant newts
  7 jackals
  A quokka zombie (D:7)
  16 rats
279 creatures vanquished.

Vanquished Creatures (collateral kills)
  A giant frog (Lair:1)
1 creature vanquished.

Vanquished Creatures (others)
  3 slaves (D:8)
  A sky beast (D:8)
  An orc priest (D:8)
  2 orcs (D:8)
  2 fungi
9 creatures vanquished.

Grand Total: 289 creatures vanquished

Notes
Turn   | Place    | Note
--------------------------------------------------------------
     0 | D:1      | Arkorax the Troll Summoner began the quest for the Orb.
     0 | D:1      | Reached XP level 1. HP: 16/16 MP: 1/1
    23 | D:1      | Reached skill level 1 in Unarmed Combat
    26 | D:1      | Reached XP level 2. HP: 15/26 MP: 2/2
    56 | D:1      | Reached skill level 1 in Fighting
   438 | D:1      | Reached XP level 3. HP: 33/33 MP: 3/3
   738 | D:2      | Noticed Sigmund
   746 | D:2      | Killed Sigmund
   746 | D:2      | Reached skill level 3 in Unarmed Combat
   746 | D:2      | Reached XP level 4. HP: 14/44 MP: 4/4
   746 | D:2      | Reached XP level 5. HP: 16/52 MP: 5/5
  1008 | D:2      | Noticed Robin
  1019 | D:2      | Killed Robin
  1192 | D:2      | Noticed Natasha
  1199 | D:2      | Killed Natasha
  1199 | D:2      | Reached skill level 4 in Unarmed Combat
  1214 | D:2      | Reached XP level 6. HP: 61/61 MP: 6/6
  1354 | D:2      | Found a radiant altar of Vehumet.
  1469 | D:2      | Noticed Natasha
  1485 | D:2      | Killed Natasha
  1898 | D:3      | Found a sparkling altar of Nemelex Xobeh.
  2080 | D:3      | Reached skill level 1 in Shields
  2096 | D:3      | Found a burning altar of Makhleb.
  2446 | D:4      | Found a staircase to the Ecumenical Temple.
  2492 | D:4      | Reached XP level 7. HP: 42/68 MP: 7/7
  2505 | Temple   | Entered the Ecumenical Temple
  2545 | Temple   | Became a worshipper of Cheibriados the Contemplative
  2628 | D:4      | Found a glowing silver altar of Zin.
  2628 | D:4      | Found an opulent altar of Gozag.
  2774 | D:5      | Entered Level 5 of the Dungeon
  2813 | D:5      | Noticed Banto's ghost (novice VSMo)
  2824 | D:5      | Noticed Grinder
  2933 | D:4      | Paralysed by Grinder for 3 turns
  2946 | D:4      | Killed Grinder
  2946 | D:4      | Reached skill level 5 in Unarmed Combat
  3119 | D:4      | Reached XP level 8. HP: 55/79 MP: 8/8
  3208 | D:5      | Killed Banto's ghost
  3358 | D:5      | Reached skill level 5 in Fighting
  3448 | D:5      | Noticed Crazy Yiuf
  3455 | D:5      | Killed Crazy Yiuf
  3541 | D:5      | Found a stormy altar of Qazlal.
  3598 | D:5      | Found a sacrificial altar of Ru.
  3730 | D:6      | Reached skill level 6 in Unarmed Combat
  3770 | D:6      | Reached * piety under Cheibriados
  3770 | D:6      | Reached skill level 5 in Shields
  3800 | D:6      | Found an iron altar of Okawaru.
  4198 | D:6      | Reached XP level 9. HP: 82/88 MP: 9/9
  5046 | D:7      | Reached ** piety under Cheibriados
  5232 | D:7      | Reached skill level 7 in Unarmed Combat
  5475 | D:8      | Noticed Maurice
  5497 | D:8      | Killed Maurice
  5523 | D:8      | Noticed Pikel
  5539 | D:8      | Killed Pikel
  5902 | D:8      | Reached *** piety under Cheibriados
  5955 | D:8      | Reached XP level 10. HP: 100/100 MP: 10/10
  6032 | D:8      | Noticed Erica
  6033 | D:8      | Noticed Erolcha
  6044 | D:8      | Killed Erica
  6044 | D:8      | Reached skill level 8 in Shields
  6177 | D:8      | Killed Erolcha
  6469 | D:9      | Reached **** piety under Cheibriados
  6528 | D:9      | Reached skill level 9 in Shields
  6594 | D:9      | Found a staircase to the Lair.
  6671 | D:9      | Learned a level 7 spell: Dragon Form
  6733 | D:9      | Reached skill level 1 in Transmutations
  7071 | D:9      | Reached ***** piety under Cheibriados
  7287 | Lair:1   | Entered Level 1 of the Lair of Beasts
  7294 | Lair:1   | Reached XP level 11. HP: 85/109 MP: 11/11
  7425 | Lair:1   | Found a frozen archway.
  7569 | Lair:1   | Noticed an eight-headed hydra
  7594 | Lair:1   | Killed an eight-headed hydra
  7682 | Lair:1   | Reached skill level 5 in Transmutations
  7987 | Lair:1   | Found a snail-covered altar of Cheibriados.
  8773 | Lair:2   | Noticed a six-headed hydra
  8786 | Lair:2   | Killed a one-headed hydra
  9108 | Lair:2   | Noticed a seven-headed hydra
  9175 | Lair:2   | Slain by a five-headed hydra

Vault maps used:
D:1:      dpeg_arrival_court
D:2:      lemuel_round_altar, uniq_robin, uniq_natasha, uniq_sigmund
D:3:      makhleb_heckhound_becter, first_bread, nemelex_dance_club_becter
D:4:      grunt_temple_overflow_gold_and_silver, nicolae_overflow_hidden_temple,
          minmay_temple_entry_nine_rooms
D:5:      grunt_qazlal_clouds, basic_altar, hangedman_decor_lopped,
          uniq_crazy_yiuf_cottage, uniq_grinder
D:6:      minmay_fountain_box, dk_noncrumbling_4, kennysheep_okawaru_gauntlet
D:8:      enter_ossuary_1, hangedman_glass_teeth, uniq_pikel, uniq_erica,
          uniq_maurice, uniq_erolcha
D:9:      grunt_lair_entry_elf_guard_hut
Temple:   dpeg_five_rooms_temple_12
Lair:1:   minmay_lair_oklob_tunnel, portal_ice_cave_entry_ice_beasts,
          lemuel_centaur_altar, grunt_megastairs_4, infiniplex_staircase_pool_2
Lair:2:   special_room

Action                   |  1- 3 |  4- 6 |  7- 9 | 10-12 || total
-------------------------+-------+-------+-------+-------++-------
Melee: Unarmed           |    70 |   199 |   343 |   371 ||   983
       Scimitar          |       |       |       |    12 ||    12
 Cast: Summon Small Mamm |       |       |     4 |       ||     4
Invok: Slouch            |       |       |       |     2 ||     2
Evoke: Wand              |       |       |       |     7 ||     7
       Sack of spiders   |       |       |       |     7 ||     7
  Use: Potion            |       |       |     5 |     1 ||     6
       Scroll            |       |       |     7 |    14 ||    21
 Stab: Sleeping          |     3 |     3 |     3 |     2 ||    11
       Distracted        |       |       |       |     1 ||     1
  Eat: Chunk             |    12 |    16 |    28 |    13 ||    69
